 Dungeon Crawl Stone Soup version 0.24.0-13-gcf9b319 (webtiles) character file.

Game seed: 9826391025615360355, levelgen mode: deterministic

7077 Ajohnson the Covert (level 10, -13/66 HPs)
             Began as a Vampire Enchanter on Nov 14, 2019.
             Was a Follower of Kikubaaqudgha.
             Mangled by an eight-headed hydra (15 damage)
             ... on level 1 of the Lair of Beasts.
             The game lasted 00:22:10 (11717 turns).

Ajohnson the Covert (Vampire Enchanter)            Turns: 11717, Time: 00:22:12

Health: -13/66     AC:  9    Str:  9    XL:     10   Next: 84%
Magic:  14/31      EV: 16    Int: 19    God:    Kikubaaqudgha [*.....]
Gold:   471        SH:  7    Dex: 15    Spells: 7/13 levels left

rFire    . . .     SeeInvis +   s - +2 dagger (venom)
rCold    + + .     Gourm    .   t - +2 buckler
rNeg     + + +     Faith    .   y - +3 leather armour "Yfrarr" {rN+}
rPois    ∞         Spirit   .   k - +0 helmet
rElec    .         Reflect  .   (no cloak)
rCorr    .         Harm     .   (no gloves)
MR       +....                  v - +1 pair of boots
Stlth    ++++++....             (no amulet)
HPRegen  0.00/turn              K - ring of magical power
MPRegen  0.22/turn              w - ring of magical power

@: very slightly contaminated, bloodless, regenerating quickly
A: no food, fangs 3, see invisible, unbreathing
a: Bat Form, Revivify, Receive Corpses, Renounce Religion


You were on level 1 of the Lair of Beasts.
You worshipped Kikubaaqudgha.
Kikubaaqudgha was aware of your devotion.
You were bloodless.

You visited 3 branches of the dungeon, and saw 12 of its levels.

You collected 646 gold pieces.
You spent 175 gold pieces at shops.

Inventory:

Hand Weapons
 s - a +2 dagger of venom (weapon)
Armour
 k - a +0 helmet (worn)
 t - a +2 buckler (worn)
 v - a +1 pair of boots (worn)
 y - the +3 leather armour "Yfrarr" (worn) {rN+}
   (You bought it in a shop on level 6 of the Dungeon)

   It protects you from negative energy.
Magical Staves
 r - an uncursed staff of death {unknown}
 E - an uncursed staff of wizardry {unknown}
Jewellery
 w - a ring of magical power (right hand)
 I - an uncursed ring of fire
 K - a ring of magical power (left hand)
Wands
 a - a wand of random effects (48)
 H - a wand of acid (10)
 J - a wand of digging (9)
Scrolls
 e - 10 scrolls of teleportation
 f - 3 scrolls of magic mapping
 j - 5 scrolls of remove curse
 m - 2 scrolls of blinking {unknown}
 n - a scroll of noise
 u - a scroll of fog
 B - 2 scrolls of enchant weapon {unknown}
 G - 3 scrolls of random uselessness {unknown}
Potions
 c - a potion of agility {unknown}
 d - 7 potions of curing
 g - 2 potions of mutation
 h - 3 potions of heal wounds {unknown}
 i - 2 potions of resistance {unknown}
 l - a potion of cancellation {unknown}
 p - a potion of ambrosia {unknown}
 q - a potion of berserk rage {unknown}
 z - 2 potions of might
 A - 3 potions of haste
 D - a potion of degeneration {unknown}
 F - 3 potions of flight


   Skills:
 - Level 9.2 Fighting
 - Level 6.8 Short Blades
 - Level 7.2 Dodging
 - Level 10.6 Stealth
 - Level 4.0 Shields
 - Level 2.2 Spellcasting
 - Level 9.9 Hexes
 + Level 0.0 Necromancy


You had 7 spell levels left.
You knew the following spells:

 Your Spells              Type           Power        Failure   Level  Hunger
a - Corona                Hex            #####..      1%          1    N/A
b - Ensorcelled Hibernat  Hex/Ice        ###...       4%          2    N/A
c - Confuse               Hex            #####...     1%          3    N/A

Your spell library contained the following spells:

 Spells                   Type           Power        Failure   Level  Hunger
 Tukima's Dance           Hex            #####...     1%          3    N/A
 Dazzling Spray           Conj/Hex       ###...       9%          3    N/A
 Animate Skeleton         Necr           N/A          24%         1    N/A
 Pain                     Necr           #...         24%         1    N/A
 Sublimation of Blood     Necr           #.........   34%         2    N/A
 Regeneration             Chrm/Necr      #.........   56%         3    N/A
 Irradiate                Conj/Tmut      #.........   100%        5    N/A
 Hydra Form               Tmut           #.........   100%        6    N/A
 Statue Form              Tmut/Erth      #........    100%        6    N/A
 Dragon Form              Tmut           #.........   100%        7    N/A

Dungeon Overview and Level Annotations

Branches:
Dungeon (10/15)            Temple (1/1) D:7            Lair (1/6) D:9
    Orc: D:9-12

Altars:
Ashenzari
Cheibriados
Dithmenos
Elyvilon
Fedhas
Gozag
Hepliaklqana
Kikubaaqudgha
Makhleb
Nemelex Xobeh
Okawaru
Qazlal
Ru
Sif Muna
Trog
Uskayaw
Vehumet
Wu Jian
Xom
Yredelemnul
Zin
The Shining One

Shops:
D:6 (*[%


Innate Abilities, Weirdness & Mutations

You do not eat.
You do not regenerate when monsters are visible.
You are frail without blood (-20% HP).
You can heal yourself when you bite living creatures.
You are immune to poison.
You have razor-sharp teeth.
You have supernaturally acute eyesight. (SInv)
You can survive without breathing.


Message History

* * * LOW HITPOINT WARNING * * *
The eight-headed hydra completely misses you.
The eight-headed hydra bites you!
* * * LOW HITPOINT WARNING * * *
The eight-headed hydra bites you.
* * * LOW HITPOINT WARNING * * *
The eight-headed hydra misses you.
Casting: Confuse (safe; 1% risk of failure)
Confirm with . or Enter, or press ? or * to list all spells.
Aiming: Confuse (safe; 1% risk of failure)
Press: ? - help, Shift-Dir - straight line, f/p - eight-headed hydra
Aim: an eight-headed hydra (chance to defeat MR: 32%)
You miscast Confuse.
Your skin glows momentarily.
The eight-headed hydra bites you.
* * * LOW HITPOINT WARNING * * *
The eight-headed hydra closely misses you.
The eight-headed hydra bites you but does no damage.
The eight-headed hydra bites you!
You die...
Kikubaaqudgha rasps: "You have failed me!
Welcome... oblivion!"

## . ... .. ..# ... ..# ....
### ##..# #
.....####.###...##.#
....................
##..D@............
#..######P...#### ##.# ###..#
#.# #[.# #.# ##..# #.# #...##
#.# ##...###..#. ### ### ##.###
#..........
###.###.###P.#.######..######..


You could see an eight-headed hydra.

Vanquished Creatures
  Maurice (D:9)
  2 spiny frogs (Lair:1)
  A komodo dragon (D:9)
  A troll (D:8)
  Sigmund (D:5)
  A yak (D:9)
  A human (D:9)
  A hungry ghost (D:7)
  3 hogs (D:9)
  A soldier ant (D:10)
  A porcupine (Lair:1)
  2 water moccasins
  3 orc warriors
  3 sky beasts
  3 ice beasts
  An ogre (D:5)
  A phantom (D:7)
  3 centaurs
  5 bullfrogs
  A gnoll sergeant (D:5)
  A water moccasin zombie (D:3)
  9 scorpions
  A water moccasin skeleton (D:4)
  5 killer bees (D:7)
  A howler monkey (D:4)
  3 crimson imps
  2 bullfrog zombies
  4 jellies
  2 gnoll shamans
  2 centaur zombies
  3 orc priests
  3 hounds
  2 centaur skeletons
  11 orc wizards
  Jessica (D:3)
  4 iguanas
  6 worker ants
  2 killer bee zombies
  A hound zombie (D:5)
  2 hound skeletons
  Robin (D:3)
  3 worker ant zombies
  4 adders
  13 gnolls
  A shadow imp (D:5)
  An adder zombie (D:7)
  An adder skeleton (D:6)
  2 worms
  A dart slug (D:1)
  3 leopard geckos
  40 orcs
  4 giant cockroaches
  15 goblins
  12 hobgoblins
  12 jackals
  6 kobolds
  6 quokkas
  3 ball pythons
  9 bats
  8 frilled lizards
  A jackal skeleton (D:4)
  8 rats
  A plant (D:9)
256 creatures vanquished.

Notes
Turn   | Place    | Note
-------+----------+-------------------------------------------
     0 | D:1      | Ajohnson the Vampire Enchanter began the quest for the Orb.
     0 | D:1      | Reached XP level 1. HP: 13/13 MP: 3/3
   131 | D:1      | Reached XP level 2. HP: 11/19 MP: 5/5
   444 | D:1      | Learned a level 2 spell: Ensorcelled Hibernation
   478 | D:1      | Reached XP level 3. HP: 23/24 MP: 6/6
   860 | D:2      | Found a shattered altar of Ashenzari.
  1328 | D:2      | Reached skill level 5 in Stealth
  1385 | D:3      | Reached skill level 5 in Hexes
  1757 | D:2      | Learned a level 3 spell: Confuse
  1801 | D:3      | Noticed Jessica
  1808 | D:3      | Killed Jessica
  1808 | D:3      | Reached XP level 4. HP: 24/24 MP: 4/7
  1910 | D:3      | Reached XP level 5. HP: 16/28 MP: 4/8
  2373 | D:3      | Reached skill level 6 in Stealth
  2928 | D:3      | Noticed Robin
  3304 | D:3      | Reached XP level 6. HP: 32/32 MP: 3/9
  3333 | D:3      | Killed Robin
  4031 | D:4      | Reached skill level 7 in Stealth
  4242 | D:4      | Reached XP level 7. HP: 36/36 MP: 7/10
  4341 | D:5      | Entered Level 5 of the Dungeon
  4580 | D:4      | Reached skill level 5 in Dodging
  4680 | D:5      | Noticed Sigmund
  4699 | D:5      | Killed Sigmund
  4699 | D:5      | Reached skill level 8 in Stealth
  4748 | D:5      | Reached skill level 5 in Short Blades
  4748 | D:5      | Reached XP level 8. HP: 41/41 MP: 0/11
  5387 | D:5      | Reached skill level 1 in Shields
  5979 | D:5      | Reached skill level 9 in Stealth
  6517 | D:6      | Found Vujatz's General Store.
  6562 | D:6      | Found Adoqymp's Antique Weapon Emporium.
  6585 | D:6      | Found Zeitapin's Antique Armour Shop.
  6593 | D:6      | Bought a translucent leather armour for 175 gold pieces
  6603 | D:6      | Identified the +3 leather armour "Yfrarr" {rN+} (You bought
                  | it in a shop on level 6 of the Dungeon)
  6622 | D:6      | Found Per Itz's Food Emporium.
  7722 | D:7      | You fall into a shaft and drop 1 floor!
  7788 | D:8      | Reached XP level 9. HP: 31/45 MP: 0/12
  8033 | D:8      | Found an opulent altar of Gozag.
  8033 | D:8      | Noticed a troll
  8083 | D:7      | Reached skill level 10 in Stealth
  8359 | D:7      | Found a staircase to the Ecumenical Temple.
  8368 | Temple   | Entered the Ecumenical Temple
  8381 | Temple   | Became a worshipper of Kikubaaqudgha
  9177 | D:7      | Reached skill level 1 in Fighting
  9590 | D:8      | Killed a troll
 10294 | D:9      | Reached XP level 10. HP: 58/58 MP: 13/13
 10433 | D:9      | Reached * piety under Kikubaaqudgha
 10433 | D:9      | Identified Kikubaaqudgha's Papyrus of Evil Rituals
                  | (Kikubaaqudgha gifted it to you on level 9 of the Dungeon)
 10433 | D:9      | Received a gift from Kikubaaqudgha
 10506 | D:9      | Reached skill level 5 in Fighting
 10656 | D:9      | Noticed Maurice
 10660 | D:9      | Found a staircase to the Lair.
 10661 | D:9      | Killed Maurice
 10728 | D:10     | Entered Level 10 of the Dungeon
 11435 | Lair:1   | Entered Level 1 of the Lair of Beasts
 11439 | Lair:1   | Noticed a spiny frog
 11449 | Lair:1   | Killed a spiny frog
 11454 | Lair:1   | Noticed a spiny frog
 11462 | Lair:1   | Killed a spiny frog
 11709 | Lair:1   | Noticed an eight-headed hydra
 11717 | Lair:1   | HP: 2/66 [eight-headed hydra (3)]
 11717 | Lair:1   | Mangled by an eight-headed hydra

Levels and vault maps discovered:
D:1:      wander_arrival_abandoned_jail, layout_loops_ring
D:2:      layout_basic, evilmike_ruin_ashenzari
D:3:      layout_rooms, grunt_ministairs_12, uniq_robin, uniq_jessica
D:4:      layout_basic, first_ration
D:5:      layout_basic, nicolae_zen_rock_garden, minmay_chambers_of_fives,
          uniq_sigmund
D:6:      lemuel_upstairs_altar, layout_basic, serial_shops,
          nicolae_shop_behind_doors, shop, shop, shop
D:7:      layout_basic, minmay_temple_entry_statues_fountains,
          kennysheep_generic_room_11
D:8:      layout_rooms, basic_altar
D:9:      layout_cave_pools, david_lair_shrubbed, grunt_livestock,
          minmay_misc_feat_cross, uniq_maurice
D:10:     layout_rooms, chequers_jeans
Temple:   regret_index_temple_sigil_plot
Lair:1:   layout_small_grid, st_stairs_8, pond

Skill      XL: |  1  2  3  4  5  6  7  8  9 10 |
---------------+-------------------------------+-----
Stealth        | 5 6 7 8 9 10 | 10.6
Short Blades   | 2 3 4 5 6 |  6.8
Hexes          | 5 6 7 9 |  9.9
Dodging        | 3 4 5 6 7 |  7.2
Shields        | 2 4 |  4.0
Fighting       | 4 9 |  9.2
Spellcasting   | |  2.2

Action                   |  1- 3 |  4- 6 |  7- 9 | 10-12 || total
-------------------------+-------+-------+-------+-------++-------
Melee: Dagger            |   167 |   106 |   421 |   135 ||   829
       Bite              |    16 |     7 |    29 |    11 ||    63
 Cast: Ensorcelled Hiber |     6 |    45 |    80 |    26 ||   157
       Confuse           |       |     2 |    17 |     5 ||    24
 Abil: Exsanguinate      |     1 |       |       |       ||     1
       End Transformatio |       |       |     1 |       ||     1
       Bat Form          |       |       |     1 |       ||     1
  Use: Scroll            |     3 |       |       |     7 ||    10
 Stab: Sleeping          |    23 |    33 |    60 |    27 ||   143
       Distracted        |     1 |     1 |     2 |       ||     4
       Confused          |       |     3 |     7 |       ||    10
Armor: Robe              |    37 |    18 |    20 |       ||    75
       Leather armour    |       |       |    38 |    16 ||    54
Dodge: Dodged            |   104 |    86 |   210 |    60 ||   460
Block: Buckler           |       |       |    92 |    31 ||   123
